 Dungeon Crawl Stone Soup version 0.28.0 (webtiles) character file.

Game seed: 6292234170997543348

159399 mopl the Destroyer (level 17, -17/127 (140) HPs)
             Began as a Red Draconian Air Elementalist on Feb 12, 2022.
             Was the Champion of Vehumet.
             Shot with an arrow by a deep elf master archer (30 damage)
             ... on level 3 of the Elven Halls on Feb 13, 2022.
             The game lasted 01:41:29 (38870 turns).

mopl the Destroyer (DrAE)                          Turns: 38870, Time: 01:41:29

HP:   -17/127 (140) AC: 16    Str: 12    XL:     17   Next: 16%
MP:   31/34         EV: 17    Int: 28    God:    Vehumet [******]
Gold: 3898          SH: 12    Dex: 22    Spells: 1/43 levels left

rFire   + . .      SeeInvis +   e - +3 scimitar (flame)
rCold   + . .      Faith    .   B - +0 kite shield {rN+}
rNeg    + . .      Spirit   .   (armour unavailable)
rPois   .          Reflect  .   W - +0 hat
rElec   +          Harm     .   Q - +2 cloak
rCorr   .          Rampage  .   i - +0 pair of gloves
Will    ++...                   y - +2 pair of boots
Stlth   ++........              w - amulet of Daher {+Inv Regen+ Dex+4}
HPRegen 1.11/turn               C - ring "Reptips" {rC+ Int+6}
MPRegen 0.24/turn               Z - ring of Immorality {Contam rElec Will+ Dex+6 SInv, =R}

@: about to teleport, drained
A: breathe fire, AC +9, unfitting armour, fire resistance 1, cold-blooded
a: Breathe Fire, Renounce Religion, Evoke Invisibility


You were on level 3 of the Elven Halls.
You worshipped Vehumet.
Vehumet was exalted by your worship.
You visited 5 branches of the dungeon, and saw 24 of its levels.
You also visited: Gauntlet.

You collected 4197 gold pieces.
You spent 299 gold pieces at shops.

Inventory:

Hand Weapons
 e - a +3 scimitar of flaming (weapon)
Missiles
 h - a boomerang
 H - 4 throwing nets
 Y - 2 atropa-tipped darts
Armour
 i - a +0 pair of gloves (worn)
 y - a +2 pair of boots (worn)
 B - a +0 kite shield of positive energy (worn)
 Q - a +2 cloak (worn)
 W - a +0 hat (worn)
Magical Staves
 a - a staff of poison
 K - a staff of conjuration {!a}
 R - a staff of earth
Jewellery
 f - the ring of Soirghux {rElec rPois Int+6 Dex+5}
   (You took it off a deep elf elementalist on level 3 of the Elven Halls)

   [ring of intelligence]

   Int:       It affects your intelligence (+6).
   Dex:       It affects your dexterity (+5).
   rElec:     It insulates you from electricity.
   rPois:     It protects you from poison.
 q - a ring of fire
 w - the amulet of Daher (around neck) {+Inv Regen+ Dex+4}
   (You found it in a Gauntlet)

   [amulet of regeneration]

   Dex:       It affects your dexterity (+4).
   +Inv:      It lets you turn invisible.
   Regen:     It increases your rate of health regeneration.
 C - the ring "Reptips" (left hand) {rC+ Int+6}
   (You acquired it on level 6 of the Lair of Beasts)

   [ring of intelligence]

   Int:       It affects your intelligence (+6).
   rC:        It protects you from cold.
 L - a ring of positive energy
 Z - the ring of Immorality (right hand) {Contam rElec Will+ Dex+6 SInv, =R}
   (You took it off a deep elf annihilator on level 3 of the Elven Halls)

   [ring of willpower]

   Dex:       It affects your dexterity (+6).
   rElec:     It insulates you from electricity.
   SInv:      It lets you see invisible.
   Contam:    It causes magical contamination when unequipped.
   Will:      It increases your willpower.
Wands
 o - a wand of flame (38)
 t - a wand of iceblast (13)
 u - a wand of polymorph (21)
 x - a wand of digging (11)
 P - a wand of acid (12)
 T - a wand of charming (7)
 X - a wand of paralysis (13)
Scrolls
 c - 2 scrolls of magic mapping
 g - 9 scrolls of teleportation
 k - 2 scrolls of vulnerability
 n - a scroll of silence {!r}
 r - a scroll of summoning
 s - 2 scrolls of blinking
 z - 7 scrolls of identify
 E - 2 scrolls of enchant weapon
 F - 3 scrolls of fog
 S - 3 scrolls of immolation
 V - 2 scrolls of enchant armour
Potions
 b - a potion of berserk rage {!q}
 d - 4 potions of haste
 j - 4 potions of heal wounds
 l - 5 potions of flight
 m - 13 potions of curing
 p - 3 potions of cancellation
 v - 2 potions of resistance
 D - a potion of magic
 G - 4 potions of might
 J - 3 potions of invisibility
 M - a potion of mutation {!q}
 O - 3 potions of brilliance
 U - 3 potions of lignification {!q}


   Skills:
 + Level 10.2 Fighting
 + Level 8.9 Dodging
 - Level 1.7 Stealth
 + Level 8.0 Shields
 * Level 13.9 Spellcasting
 * Level 14.1 Conjurations
 - Level 5.0 Hexes
 + Level 2.2 Summonings
 - Level 5.0 Transmutations
 * Level 12.7 Fire Magic
 - Level 12.0 Air Magic
 + Level 6.2 Poison Magic
 + Level 5.9 Evocations


You had one spell level left.
You knew the following spells:

 Your Spells              Type           Power      Damage    Failure   Level
a - Shock                 Conj/Air       100%       1d9       1%          1
b - Static Discharge      Conj/Air       75%        N/A       1%          2
c - Flame Wave            Conj/Fire      76%        2d14      1%          4
d - Spellforged Servitor  Conj/Summ      30%        N/A       41%         7
e - Airstrike             Air            36%        N/A       1%          4
f - Fireball              Conj/Fire      38%        3d16      1%          5
g - Ignite Poison         Fire/Tmut/Pois 59%        N/A       1%          3
h - Inner Flame           Hex/Fire       62%        N/A       1%          3
i - Starburst             Conj/Fire      38%        6d11      1%          6
n - Swiftness             Air            72%        N/A       1%          3
o - Olgreb's Toxic Radia  Pois           53%        N/A       1%          4

Your spell library contained the following spells:

 Spells                   Type           Power      Damage    Failure   Level
 Magic Dart               Conj           100%       1d8       0%          1
 Corpse Rot               Necr/Air       100%       N/A       1%          2
 Searing Ray              Conj           100%       2d8       1%          2
 Mephitic Cloud           Conj/Pois/Air  68%        N/A       1%          3
 Fulminant Prism          Conj/Hex       32%        3d16      1%          4
 Freezing Cloud           Conj/Ice/Air   31%        6-21      1%          5
 Portal Projectile        Hex/Tloc       66%        N/A       7%          3
 Call Canine Familiar     Summ           32%        N/A       8%          3
 Cause Fear               Hex            23%        N/A       9%          4
 Gell's Gravitas          Tloc           19%        N/A       21%         3
 Vampiric Draining        Necr           19%        2d7       21%         3
 Leda's Liquefaction      Hex/Erth       16%        N/A       24%         4
 Ignition                 Fire           37%        3d11      50%         8
 Dispel Undead            Necr           19%        3d11      54%         4
 Summon Forest            Summ/Tloc      12%        N/A       75%         5
 Death Channel            Necr           9%         N/A       100%        6
 Dragon Form              Tmut           23%        N/A       100%        7
 Ozocubu's Refrigeration  Ice            9%         4d6       100%        7
 Discord                  Hex            23%        N/A       100%        8
 Infestation              Necr           9%         N/A       100%        8
 Dragon's Call            Summ           16%        N/A       100%        9


Dungeon Overview and Level Annotations

Branches:
Dungeon (12/15)            Temple (1/1) D:4            Lair (6/6) D:9
 Shoals (0/4) Lair:4        Snake (0/4) Lair:2        Slime (0/5) Lair:6
    Orc (2/2) D:12            Elf (3/3) Orc:2       Gauntlet (visited)

Altars:
Ashenzari
Cheibriados
Dithmenos
Elyvilon
Fedhas
Gozag
Hepliaklqana
Kikubaaqudgha
Makhleb
Nemelex Xobeh
Okawaru
Qazlal
Ru
Sif Muna
Trog
Uskayaw
Vehumet
Wu Jian
Xom
Yredelemnul
Zin
The Shining One
Jiyva

Shops:
D:1 !   D:3 [   Orc:2 (:*:   Elf:3 *

Annotations:
D:10 Nergalle
Orc:2 bb, Asparus's ghost, journeyman DsCj
Elf:1 3 runed translucent doors, Timpihef's ghost, adept OpAK
Elf:2 9 runed translucent doors


Innate Abilities, Weirdness & Mutations

You can breathe blasts of fire.
Your fiery red scales are hard. (AC +9)
You cannot fit into any form of body armour.
Your flesh is heat resistant. (rF+)
You are cold-blooded and may be slowed by cold attacks.


Message History

a +0 scale mail; a +1 vorpal long sword You feel sick.
Items here: ( )) [.
You feel sick.
The deep elf annihilator casts a spell at you.
The iron shot hits you!!
* * * LOW HITPOINT WARNING * * *
You feel sick.
The deep elf annihilator casts a spell at you.
The bolt of lightning hits you! You resist.
* * * LOW HITPOINT WARNING * * *
Things that are here:
a +0 long sword; a +0 leather armour; a +0 long sword You feel sick.
The deep elf annihilator gestures wildly while chanting.
The deep elf annihilator blinks!
You feel sick.
You feel sick.
The deep elf master archer shoots an arrow.
You block the arrow.
You feel sick.
The deep elf master archer shoots an arrow.
You block the arrow.
The deep elf master archer shoots an arrow.
The arrow misses you.
Items here: )) [[.
Unknown command.
As you read the scroll of teleportation, it crumbles to dust.
You feel strangely unstable.
You feel sick.
You are no longer poisoned.
The deep elf master archer shoots an arrow.
The arrow completely misses you.
The deep elf master archer shoots an arrow.
You block the arrow.
The deep elf master archer shoots an arrow.
The arrow hits you!
* * * LOW HITPOINT WARNING * * *
The deep elf master archer shoots an arrow.
The arrow hits you!!
You die...

..# #e# ## ..# #e# #.
.## #[# #. .# #e# ##
.# #.# ###### ##e##
#..# ##..(## ###..#
#..#..# .....#
#@###)# ###..######
####).#()############
##)......#
#....................
#........#
##..=......####.....#
##........#
##.......## ##...##
#.........#
##...=..## ##.##
##........#
#........# #.#
#......#.#
#.###e##.##### #.#
#.#...##.# #.#
#........###'##


You could see a deep elf master archer, a deep elf annihilator and a deep elf
death mage (resistant).

Vanquished Creatures
  A deep elf blademaster (Elf:3)
  A deep elf master archer (Elf:3)
  7 deep elf sorcerers
  An orc warlord (Orc:1)
  3 deep elf elementalists (Elf:3)
  A stone giant (Orc:1)
  9 deep elf demonologists
  A minotaur (Gauntlet)
  7 deep elf annihilators
  5 deep elf death magi (Elf:3)
  An ettin (Orc:1)
  A green death (Gauntlet)
  3 deep elf high priests
  An ice dragon (Lair:6)
  2 boulder beetles
  8 hydras
  23 dancing weapons
  10 two-headed ogres
  9 death yaks
  A tengu warrior (D:10)
  6 orc high priests (Orc:2)
  7 deep elf knights
  A lindwurm (shapeshifter) (Elf:1)
  2 lindwurms (Lair:6)
  12 deep elf archers
  24 deep elf pyromancers
  8 orc knights
  15 deep elf zephyrmancers
  2 orc sorcerers
  A necromancer (Lair:6)
  A wolf spider (Lair:6)
  An oklob plant (Lair:5)
  14 cyclopes
  An ugly thing (D:11)
  A manticore (D:12)
  Maurice (Orc:1)
  A guardian serpent (Lair:6)
  11 elephants
  4 black mambas
  7 torpor snails
  2 unseen horrors (D:12)
  A minotaur zombie (Gauntlet)
  An efreet (D:12)
  17 cane toads
  3 rime drakes
  2 kobold demonologists (D:7)
  9 komodo dragons
  4 tyrant leeches (Lair:6)
  A queen bee (Gauntlet)
  12 hornets
  4 trolls
  3 polar bears
  13 blink frogs
  3 slime creatures (Lair:6)
  2 dream sheep (Lair:5)
  Eustachio (D:6)
  2 water elementals (Elf:1)
  8 wyverns
  A shadow (D:12)
  A vampire (D:12)
  A wraith (D:6)
  7 air elementals
  A fire elemental (Elf:2)
  70 yaks
  7 basilisks
  2 redbacks (Lair:6)
  Menkaure (D:7)
  3 steam dragons
  2 nagas (Lair:2)
  2 swamp worms (Gauntlet)
  8 wargs (Orc:1)
  22 water moccasins
  3 sky beasts
  32 orc warriors
  An ice beast (D:5)
  A black bear (D:5)
  12 wolves
  A necrophage (D:4)
  8 ogres
  5 centaurs
  10 bullfrogs
  2 earth elementals (Elf:2)
  2 scorpions (D:6)
  A water moccasin skeleton (D:4)
  11 killer bees
  10 wights
  2 electric eels (Lair:4)
  A howler monkey (D:9)
  6 centaur zombies
  2 bullfrog zombies (D:5)
  3 hounds
  3 jellies
  A centaur skeleton (D:4)
  A gnoll shaman (D:7)
  37 orc priests
  7 iguanas
  12 orc wizards
  2 polar bear simulacra (Lair:6)
  3 wolf simulacra (Lair:6)
  A yak simulacrum (Lair:6)
  A killer bee zombie (D:8)
  A hound zombie (D:5)
  3 gnolls (D:7)
  11 adders
  An ufetubus (D:5)
  A worm (D:2)
  5 dart slugs
  72 orcs
  6 endoplasms
  2 giant cockroaches
  10 goblins
  3 hobgoblins
  2 jackals (D:1)
  17 kobolds
  9 quokkas
  10 ball pythons
  5 bats
  7 frilled lizards
  5 rats
  5 river rat simulacra (Lair:6)
787 creatures vanquished.

Vanquished Creatures (others)
  3 orcs (Elf:2)
  6 fulminant prisms
  50 fungi
  103 plants
162 creatures vanquished.

Grand Total: 949 creatures vanquished

Notes
Turn   | Place    | Note
-------+----------+-------------------------------------------
     0 | D:1      | mopl the Draconian Air Elementalist began the quest for the
                  | Orb.
     0 | D:1      | Reached XP level 1. HP: 14/14 MP: 3/3
   103 | D:1      | Found Fuejomnuka's Distillery.
   111 | D:1      | Reached XP level 2. HP: 6/20 MP: 3/5
   375 | D:1      | Learned a level 2 spell: Static Discharge
   808 | D:1      | Reached XP level 3. HP: 26/26 MP: 6/6
   811 | D:1      | Learned a level 2 spell: Searing Ray
  1102 | D:1      | Reached skill level 2 in Conjurations
  1264 | D:2      | Reached skill level 3 in Spellcasting
  1496 | D:2      | Reached XP level 4. HP: 30/33 MP: 6/8
  1889 | D:3      | Found Yscheg's Antique Armour Boutique.
  2459 | D:3      | Found a faded altar of an unknown god.
  2538 | D:3      | Noticed a bullfrog
  2542 | D:3      | Killed a bullfrog
  2543 | D:3      | Reached skill level 4 in Air Magic
  2543 | D:3      | Reached XP level 5. HP: 38/38 MP: 3/10
  2603 | D:3      | Learned a level 4 spell: Airstrike
  2788 | D:4      | Found Ytsyess's Distillery.
  3199 | D:4      | Reached skill level 4 in Spellcasting
  3227 | D:4      | Reached skill level 3 in Conjurations
  3382 | D:4      | Identified the +5 leather armour of Refuge {rF+}
  3386 | D:4      | Reached XP level 6. HP: 42/45 MP: 5/12
  3479 | D:4      | Found a staircase to the Ecumenical Temple.
  3493 | Temple   | Entered the Ecumenical Temple
  3880 | D:4      | Learned a level 4 spell: Fulminant Prism
  4189 | D:5      | Entered Level 5 of the Dungeon
  4189 | D:5      | Noticed an ice beast
  4363 | D:5      | Reached skill level 5 in Spellcasting
  4363 | D:5      | Your scales start taking on a fiery red colour.
  4363 | D:5      | Reached XP level 7. HP: 41/50 MP: 6/14
  4363 | D:5      | Gained mutation: Your flesh is heat resistant. (rF+) [Red
                  | Draconian growth]
  4471 | D:5      | Reached skill level 1 in Hexes
  4652 | D:5      | Reached skill level 4 in Conjurations
  4652 | D:5      | Reached skill level 5 in Air Magic
  4842 | D:5      | Reached skill level 2 in Hexes
  4851 | D:5      | Reached skill level 6 in Spellcasting
  4851 | D:5      | Reached XP level 8. HP: 32/57 MP: 7/17
  5282 | D:5      | Noticed a troll
  5298 | D:5      | Killed a troll
  5644 | D:5      | Reached skill level 5 in Conjurations
  5650 | D:5      | Reached skill level 3 in Hexes
  5650 | D:5      | Reached skill level 6 in Air Magic
  5781 | D:5      | Reached skill level 7 in Spellcasting
  5785 | D:5      | Learned a level 3 spell: Swiftness
  6077 | D:6      | Reached XP level 9. HP: 35/63 MP: 9/20
  6276 | D:6      | Reached skill level 1 in Fighting
  6276 | D:6      | Reached skill level 2 in Dodging
  6479 | D:6      | Noticed Eustachio
  6487 | D:6      | Killed Eustachio
  6974 | D:7      | Reached skill level 6 in Conjurations
  7265 | D:7      | Reached skill level 2 in Fighting
  7265 | D:7      | Reached skill level 7 in Air Magic
  7306 | D:7      | Noticed Menkaure
  7322 | D:7      | Killed Menkaure
  7420 | D:7      | Found a glowing golden altar of the Shining One.
  7478 | D:7      | Noticed a kobold demonologist
  7480 | D:7      | Noticed a kobold demonologist
  7482 | D:7      | Noticed a sun demon
  7486 | D:7      | Killed a kobold demonologist
  7487 | D:7      | Reached skill level 8 in Spellcasting
  7489 | D:7      | Noticed a red devil
  7491 | D:7      | HP: 3/68 [red devil[a kobold demonologist] (8)]
  7493 | D:7      | Killed a kobold demonologist
  7494 | D:7      | Reached skill level 3 in Dodging
  8397 | D:8      | Reached skill level 3 in Fighting
  8488 | D:8      | Reached skill level 7 in Conjurations
  8583 | D:8      | Reached XP level 10. HP: 45/77 MP: 13/22
  8913 | D:8      | Found a radiant altar of Vehumet.
  8925 | D:8      | Found a glowing silver altar of Zin.
  8942 | D:8      | Found a hazy altar of Hepliaklqana.
  8950 | D:8      | Became a worshipper of Vehumet
  9456 | D:9      | Reached skill level 8 in Air Magic
  9719 | D:9      | Found a bloodstained altar of Trog.
  9721 | D:9      | Found a sparkling altar of Nemelex Xobeh.
  9721 | D:9      | Found a stormy altar of Qazlal.
 10146 | D:9      | Noticed a two-headed ogre
 10164 | D:9      | Killed a two-headed ogre
 10165 | D:9      | Reached skill level 4 in Fighting
 10165 | D:9      | Reached skill level 4 in Dodging
 10165 | D:9      | Reached skill level 9 in Spellcasting
 10165 | D:9      | Reached skill level 8 in Conjurations
 10296 | D:9      | Found a staircase to the Lair.
 10507 | D:9      | Found an ornate altar of the Wu Jian Council.
 10507 | D:9      | Found a hide-covered altar of Uskayaw.
 10507 | D:9      | Found a blossoming altar of Fedhas.
 11186 | D:10     | Entered Level 10 of the Dungeon
 11189 | D:10     | Noticed Nergalle
 11190 | D:10     | Reached * piety under Vehumet
 11190 | D:10     | Offered knowledge of Sandblast by Vehumet.
 11667 | D:10     | Paralysed by a hornet for 1 turns
 11672 | D:9      | Reached skill level 9 in Air Magic
 11908 | D:10     | Noticed a two-headed ogre
 11924 | D:10     | Reached XP level 11. HP: 71/85 MP: 19/24
 11945 | D:9      | Killed a two-headed ogre
 12178 | D:10     | Noticed a tengu warrior
 12189 | D:10     | Killed a tengu warrior
 12548 | D:10     | Noticed a spectral orc warlord
 12826 | D:11     | Noticed a white ugly thing
 12837 | D:11     | Killed a white ugly thing
 13040 | D:11     | Reached skill level 5 in Fighting
 13618 | D:11     | Noticed a two-headed ogre
 13649 | D:11     | Killed a two-headed ogre
 13650 | D:11     | Reached skill level 9 in Conjurations
 13825 | D:11     | Reached skill level 1 in Shields
 14674 | D:12     | Reached skill level 10 in Spellcasting
 15053 | D:12     | Reached skill level 5 in Dodging
 15218 | D:12     | Found a staircase to the Orcish Mines.
 15323 | D:12     | Got Dawneona's Collected Works on Twisted Translocation
 15347 | D:12     | Reached skill level 2 in Shields
 15350 | D:12     | Reached skill level 10 in Air Magic
 15598 | D:12     | Learned a level 5 spell: Fireball
 16001 | D:1      | Bought a potion of resistance for 130 gold pieces
 16001 | D:1      | Bought 2 potions of curing for 78 gold pieces
 16001 | D:1      | Bought a potion of curing for 39 gold pieces
 16001 | D:1      | Bought a potion of might for 52 gold pieces
 16199 | Lair:1   | Entered Level 1 of the Lair of Beasts
 16368 | D:9      | Reached skill level 1 in Fire Magic
 16381 | Lair:1   | Reached ** piety under Vehumet
 16381 | Lair:1   | Offered knowledge of Poisonous Vapours by Vehumet.
 16631 | Lair:1   | Noticed an eight-headed hydra
 16662 | Lair:1   | Killed a six-headed hydra
 16677 | Lair:1   | Reached XP level 12. HP: 29/95 MP: 23/26
 17035 | D:9      | Reached skill level 2 in Fire Magic
 17673 | Lair:1   | Reached skill level 6 in Fighting
 17684 | Lair:1   | Reached skill level 3 in Fire Magic
 17906 | Lair:1   | Reached skill level 10 in Conjurations
 18059 | Lair:2   | Reached skill level 3 in Shields
 18349 | Lair:2   | Offered knowledge of Scorch by Vehumet.
 18369 | Lair:2   | Identified the +4 spear of Mayhem {vorpal, rCorr Str+2}
 18604 | Lair:2   | Reached skill level 4 in Fire Magic
 18660 | Lair:2   | Noticed a death yak
 18660 | Lair:2   | Noticed a death yak
 18712 | Lair:2   | Noticed a death yak
 18986 | Lair:1   | Killed a death yak
 19208 | Lair:1   | Killed a death yak
 19398 | Lair:1   | Killed a death yak
 19519 | Lair:2   | Found a staircase to the Snake Pit.
 19731 | Lair:2   | Reached skill level 4 in Hexes
 20258 | Lair:2   | Noticed a four-headed hydra
 20271 | Lair:2   | Killed a one-headed hydra
 20272 | Lair:2   | Reached skill level 5 in Fire Magic
 20368 | Lair:3   | Noticed an eight-headed hydra
 20379 | Lair:3   | Killed a five-headed hydra
 20380 | Lair:3   | Reached skill level 6 in Dodging
 20380 | Lair:3   | Reached skill level 11 in Spellcasting
 20385 | Lair:3   | Noticed a five-headed hydra
 20412 | Lair:3   | Killed a three-headed hydra
 20412 | Lair:3   | Reached *** piety under Vehumet
 20606 | Lair:3   | Noticed a seven-headed hydra
 20614 | Lair:3   | Killed a four-headed hydra
 20965 | Lair:3   | Learned a level 6 spell: Starburst
 20985 | Lair:3   | Noticed a seven-headed hydra
 20992 | Lair:3   | Reached XP level 13. HP: 93/104 MP: 24/28
 21019 | Lair:3   | Reached skill level 11 in Air Magic
 21270 | Lair:3   | Reached skill level 4 in Shields
 21704 | Lair:3   | Reached skill level 7 in Fighting
 21869 | Lair:3   | Offered knowledge of Ignite Poison by Vehumet.
 21870 | Lair:3   | Reached skill level 6 in Fire Magic
 23255 | Lair:4   | Reached skill level 11 in Conjurations
 23433 | Lair:4   | Identified the +10 war axe "Vedair" {freeze, Dex+7}
 24367 | Lair:3   | Reached **** piety under Vehumet
 24383 | Lair:3   | Learned a level 3 spell: Ignite Poison
 24484 | Lair:3   | Reached skill level 7 in Fire Magic
 25021 | Lair:4   | Found a staircase to the Shoals.
 25078 | Lair:4   | Reached skill level 5 in Hexes
 25078 | Lair:4   | Reached skill level 1 in Poison Magic
 25139 | Lair:4   | Learned a level 4 spell: Olgreb's Toxic Radiance
 25573 | Lair:5   | Offered knowledge of Lightning Bolt by Vehumet.
 25947 | Lair:5   | Reached XP level 14. HP: 107/114 MP: 26/29
 26336 | Lair:5   | Reached skill level 5 in Shields
 26652 | Lair:6   | Entered Level 6 of the Lair of Beasts
 26701 | Lair:6   | Found a gate leading to a gauntlet.
 26714 | Gauntlet | Entered a Gauntlet
 26714 | Gauntlet | Found a transporter.
 26721 | Gauntlet | Found a transporter.
 26724 | Gauntlet | Found a transporter.
 26725 | Gauntlet | Found a transporter.
 26733 | Gauntlet | Found a transporter.
 26736 | Gauntlet | Found a transporter.
 26737 | Gauntlet | Found a transporter.
 26748 | Gauntlet | Found a transporter.
 26748 | Gauntlet | Found a transporter.
 26749 | Gauntlet | Found a transporter.
 26757 | Gauntlet | Found a transporter.
 26760 | Gauntlet | Found a transporter.
 26762 | Gauntlet | Found a transporter.
 26763 | Gauntlet | Noticed a quicksilver ooze
 26769 | Gauntlet | Found a transporter.
 26918 | Gauntlet | Identified the +0 cloak of Raonegh {Fly Dex+3}
 27118 | Gauntlet | Identified the amulet of Daher {+Inv Regen+ Dex+4}
 27143 | Gauntlet | Reached skill level 8 in Fire Magic
 27611 | Lair:6   | Reached skill level 1 in Transmutations
 27707 | Lair:6   | Reached skill level 2 in Poison Magic
 27735 | Lair:6   | Reached skill level 12 in Air Magic
 27823 | Lair:6   | Identified 2 scrolls of acquirement
 27823 | Lair:6   | Acquired a +0 kite shield of positive energy
 27825 | Lair:6   | Acquired the ring "Reptips" {rC+ Int+6}
 28147 | Lair:6   | Reached ***** piety under Vehumet
 28153 | Lair:6   | Reached skill level 1 in Evocations
 28173 | Lair:6   | Offered knowledge of Flame Wave by Vehumet.
 28220 | Lair:6   | Found a staircase to the Slime Pits.
 28226 | Lair:6   | Reached skill level 12 in Spellcasting
 28237 | Lair:6   | Reached skill level 8 in Fighting
 28249 | Lair:6   | Learned a level 4 spell: Flame Wave
 28369 | Lair:6   | Reached skill level 7 in Dodging
 28584 | Lair:6   | Reached skill level 2 in Transmutations
 28585 | Lair:6   | Reached skill level 12 in Conjurations
 28653 | Lair:6   | Paralysed by a hornet for 2 turns
 28666 | Lair:6   | Reached skill level 2 in Evocations
 28915 | Lair:6   | Found a runed translucent door.
 28980 | Lair:6   | Reached skill level 9 in Fire Magic
 28980 | Lair:6   | Reached skill level 3 in Poison Magic
 29556 | Orc:1    | Entered Level 1 of the Orcish Mines
 29596 | Orc:1    | Noticed an orc warlord
 29622 | Orc:1    | Killed an orc warlord
 29662 | Orc:1    | Paralysed by an orc sorcerer for 6 turns
 29676 | Orc:1    | Noticed Maurice
 29689 | Orc:1    | Killed Maurice
 30116 | Orc:1    | Reached XP level 15. HP: 99/123 MP: 26/31
 30188 | Orc:1    | You fall into a shaft and drop 1 floor!
 30188 | Orc:2    | Entered Level 2 of the Orcish Mines
 30192 | Orc:2    | Reached skill level 3 in Transmutations
 30286 | Orc:2    | Offered knowledge of Hailstorm by Vehumet.
 30342 | Orc:2    | Found a transporter.
 30342 | Orc:2    | Noticed Asparus's ghost (journeyman DsCj)
 30348 | Orc:2    | Found a transporter.
 30349 | Orc:2    | Identified the +11 dire flail "mopl's Regret" {vorpal,
                  | +Blink rElec Dex-2}
 30349 | Orc:2    | Identified the +11 great mace "Ifoxtywn" {vorpal, Will+}
 30366 | Orc:2    | Found a staircase to the Elven Halls.
 30403 | Orc:2    | Reached skill level 6 in Shields
 30673 | Orc:1    | Reached skill level 3 in Evocations
 30947 | Orc:1    | Identified the +7 great sword of Taxation {freeze, rN+
                  | MP+9}
 30954 | Orc:1    | Identified the +5 hunting sling of Qudor {speed, rElec
                  | Str+2}
 30987 | Orc:1    | Identified the ring "Moofutsoi" {Fly Will+ Int+3 Slay-2}
 31632 | Orc:2    | Reached skill level 10 in Fire Magic
 31663 | Orc:2    | Reached ****** piety under Vehumet
 31702 | Orc:2    | Reached skill level 4 in Poison Magic
 31766 | Orc:2    | Offered knowledge of Irradiate by Vehumet.
 32003 | Orc:2    | Found Zuqemo's Weapon Boutique.
 32004 | Orc:2    | Found Bakhlipo's General Store.
 32004 | Orc:2    | Found Tyaheosh's Book Boutique.
 32005 | Orc:2    | Found Xeshox's Book Boutique.
 32279 | Elf:1    | Entered Level 1 of the Elven Halls
 32287 | Elf:1    | Reached skill level 9 in Fighting
 32494 | Elf:1    | Reached skill level 4 in Transmutations
 32835 | Elf:1    | Reached skill level 4 in Evocations
 32920 | Elf:1    | Found a runed translucent gate.
 32920 | Elf:1    | Found a runed translucent gate.
 32920 | Elf:1    | Noticed an azure jelly
 32921 | Elf:1    | Found a runed translucent gate.
 32921 | Elf:1    | Noticed a rockslime
 32921 | Elf:1    | Noticed Timpihef's ghost (adept OpAK)
 32921 | Elf:1    | Noticed a rockslime
 32921 | Elf:1    | Noticed an azure jelly
 32923 | Elf:1    | Found the +9 staff of Olgreb {rPois∞}
 32924 | Elf:1    | Found a viscous altar of Jiyva.
 33083 | Elf:1    | Reached skill level 13 in Spellcasting
 33083 | Elf:1    | Reached skill level 13 in Conjurations
 33087 | Elf:1    | Paralysed by an air elemental for 1 turns
 33188 | Elf:1    | Reached skill level 8 in Dodging
 33563 | Elf:2    | Paralysed by an air elemental for 1 turns
 33746 | Elf:2    | Reached skill level 11 in Fire Magic
 34058 | Elf:2    | Reached XP level 16. HP: 118/132 MP: 21/33
 34244 | Elf:2    | Reached skill level 7 in Shields
 34607 | Elf:2    | Reached skill level 5 in Poison Magic
 34727 | Elf:2    | Offered knowledge of Spellforged Servitor by Vehumet.
 34729 | Elf:2    | Paralysed by an air elemental for 1 turns
 34737 | Elf:2    | Noticed a Hell Sentinel
 34830 | Elf:2    | Found a runed translucent gate.
 34830 | Elf:2    | Found a runed translucent gate.
 34830 | Elf:2    | Found a runed translucent gate.
 34830 | Elf:2    | Found a runed translucent gate.
 34830 | Elf:2    | Found a runed translucent gate.
 34830 | Elf:2    | Found the +15 Maxwell's patent armour {-Cast -Tele rElec
                  | Will+ rCorr}
 34832 | Elf:2    | Found a runed translucent gate.
 34834 | Elf:2    | Noticed a shadow dragon
 34834 | Elf:2    | Noticed a shadow dragon
 34940 | Elf:2    | Learned a level 3 spell: Inner Flame
 34976 | Elf:2    | Found a runed translucent gate.
 34977 | Elf:2    | Found a runed translucent gate.
 34977 | Elf:2    | Found a runed translucent gate.
 35168 | Elf:2    | Reached skill level 5 in Evocations
 35177 | Elf:2    | Reached skill level 5 in Transmutations
 35377 | Elf:3    | Entered Level 3 of the Elven Halls
 35379 | Elf:3    | Paralysed by an air elemental for 1 turns
 35994 | Elf:3    | Paralysed by an air elemental for 1 turns
 36058 | Elf:3    | Reached skill level 12 in Fire Magic
 36311 | Elf:3    | Learned a level 7 spell: Spellforged Servitor
 36356 | Elf:3    | Found Pupuheka's General Store.
 37438 | Elf:3    | Reached skill level 10 in Fighting
 37438 | Elf:3    | Reached skill level 1 in Summonings
 37599 | Elf:3    | Identified the +4 chain mail of Dawn {Rampage Will+}
 37599 | Elf:3    | Noticed a deep elf master archer
 37603 | Elf:3    | Killed a deep elf master archer
 37604 | Elf:3    | Reached skill level 14 in Conjurations
 37753 | Elf:3    | Reached skill level 6 in Poison Magic
 37888 | Elf:3    | Reached XP level 17. HP: 140/140 MP: 19/34
 37917 | Elf:3    | Identified the +8 short sword of Internal Strife {holy,
                  | rElec Dex+3}
 37921 | Elf:3    | Identified the +9 hand axe "Bobok" {flame, *Rage rPois
                  | Will+++ Str-4}
 38025 | Elf:3    | Noticed a deep elf blademaster
 38194 | Elf:3    | Identified the ring of Immorality {Contam rElec Will+ Dex+6
                  | SInv}
 38247 | Elf:3    | Identified the +10 mace of Ancient Evil {vorpal, Str+3}
 38257 | Elf:3    | Reached skill level 8 in Shields
 38257 | Elf:3    | Reached skill level 2 in Summonings
 38272 | Elf:3    | Killed a deep elf blademaster
 38422 | Elf:3    | Identified the +10 quarterstaff of Uncomfortable Rashes
                  | {venom, rElec rPois rN+}
 38422 | Elf:3    | Identified the ring of Soirghux {rElec rPois Int+6 Dex+5}
 38425 | Elf:3    | Identified the +5 quarterstaff of the Chopping Mosquito
                  | {vorpal, rF+ Stlth+}
 38665 | Elf:3    | Noticed a deep elf master archer
 38870 | Elf:3    | Shot with an arrow by a deep elf master archer

Illustrated notes

Levels and vault maps discovered:
D:1:      roderic_crop_circles_arrival_small, layout_basic, serial_shops,
          shop_statue
D:2:      layout_rooms
D:3:      layout_loops_corners, shapermc_ecumenical_altar_notcrosses,
          serial_shops, shop, minmay_misc_feat_tiny
D:4:      minmay_diamond_boxcup, layout_rooms, minmay_temple_entry_grid,
          nicolae_inconvenience_store, supply_closet_lemuel
D:5:      cheibrodos_fzero, layout_rooms
D:6:      layout_rooms, kennysheep_cross_room, lightli_orcish_oven,
          uniq_eustachio
D:7:      layout_gridville, mainiacjoe_overflow_alcove_1, uniq_menkaure
D:8:      layout_loops_corners, gammafunk_temple_overflow_forgotten,
          item_on_display_a
D:9:      layout_stronghold, chequers_temple_overflow_statue_of_worship,
          grunt_temple_overflow_open, lair_entry_dummy
D:10:     layout_cave_pools, uniq_nergalle
D:11:     layout_layer_cave, serial_rivers, chequers_serial_rivers_micro_d,
          chequers_serial_rivers_micro_b, chequers_serial_rivers_room_a,
          chequers_serial_rivers_room_a
D:12:     layout_loops_ring, david_orc_2
Temple:   nicolae_temple_no_exploring_needed
Lair:1:   layout_hall_layers
Lair:2:   cheibrodos_lair_river_kwai, layout_layer_cave,
          guppyfry_snake_entry_garden
Lair:3:   beast_lair_carwin_large_2, layout_layer_cave, serial_bayou_shore_b
Lair:4:   layout_cave_pods, elwin_shoals_entry_rooms, infiniplex_staircase_pool
Lair:5:   layout_regular_city, lemuel_fruit_tree
Lair:6:   hangedman_lair_tendril_chambers, layout_layer_cave, wormcave,
          minmay_slime_entry_pillars, gauntlet_entry_generic,
          small_statue_intersection, eino_house_with_fridge
Orc:1:    giant_chief_lemuel, layout_diamond_mine, uniq_maurice
Orc:2:    st_orc_pillars, layout_diamond_mine, gammafunk_ghost_smash
Elf:1:    layout_gridlike, gammafunk_ghost_ooze, hangedman_corner_corridor
Elf:2:    nicolae_elf_blades_crystal_corner, layout_loops_ring, orc_legates
Elf:3:    elf_hall_gauntlet_narrow, layout_loops_corners, serial_shops, shop,
          nicolae_elf_blasts_and_bolts

Skill      XL: |  1  2  3  4  5  6  7  8  9 10 11 12 13 14 15 16 17 |
---------------+----------------------------------------------------+-----
Conjurations   | 2 3 4 5 7 8 9 10 11 12 13 14 | 14.1
Spellcasting   | 3 4 5 6 7 8 9 10 11 12 13 | 13.9
Air Magic      | 4 5 6 7 9 10 11 12 | 12.0
Hexes          | 2 3 4 5 |  5.0
Fighting       | 3 4 5 6 7 8 9 10 | 10.2
Dodging        | 3 4 5 6 7 8 |  8.9
Shields        | 2 3 4 5 6 7 8 |  8.0
Fire Magic     | 1 5 7 9 11 12 | 12.7
Poison Magic   | 1 3 4 6 |  6.2
Transmutations | 2 4 5 |  5.0
Evocations     | 2 4 5 |  5.9
Summonings     | 1 2 |  2.2
Stealth        | |  1.7

Action                   |  1- 3 |  4- 6 |  7- 9 | 10-12 | 13-15 | 16-18 || total
-------------------------+-------+-------+-------+-------+-------+-------++-------
Melee: Unarmed           |    14 |       |       |       |       |       ||    14
       Tailslap          |     6 |     9 |     9 |    23 |    63 |    10 ||   120
       Mace              |    46 |   101 |    25 |       |       |       ||   172
       Falchion          |       |       |    44 |    82 |       |       ||   126
       Punch             |       |       |     1 |     2 |       |       ||     3
       Scimitar          |       |       |       |    84 |   303 |    62 ||   449
Throw: Dart              |       |       |       |       |     1 |       ||     1
 Cast: Shock             |    30 |    25 |    25 |    31 |     6 |       ||   117
       Searing Ray       |     4 |    15 |    17 |     8 |       |       ||    44
       Static Discharge  |       |     3 |    35 |   117 |   162 |    12 ||   329
       Airstrike         |       |       |     1 |    23 |    38 |    71 ||   133
       Fireball          |       |       |       |     2 |     5 |     1 ||     8
       Fulminant Prism   |       |       |       |     4 |     2 |       ||     6
       Swiftness         |       |       |       |     1 |       |       ||     1
       Olgreb's Toxic Ra |       |       |       |       |   118 |    79 ||   197
       Ignite Poison     |       |       |       |       |    97 |    87 ||   184
       Starburst         |       |       |       |       |     6 |       ||     6
       Flame Wave        |       |       |       |       |    14 |       ||    14
 Abil: Breathe Fire      |       |       |    24 |    62 |    61 |     7 ||   154
Evoke: Wand              |       |       |     4 |     1 |     2 |     6 ||    13
  Use: Scroll            |       |     5 |     4 |     3 |    17 |     4 ||    33
       Potion            |       |       |       |       |     2 |     2 ||     4
 Stab: Sleeping          |     4 |     3 |     1 |       |       |       ||     8
       Paralysed         |       |       |       |       |     2 |       ||     2
Armor: Skin              |    25 |    72 |    78 |   221 |   284 |    35 ||   715
Dodge: Dodged            |    55 |   103 |   107 |   324 |   397 |    78 ||  1064
Block: Buckler           |       |       |       |     6 |    79 |       ||    85
       Kite shield       |       |       |       |       |   192 |    81 ||   273
